 Dungeon Sprint DCSS version 0.23-a0-183-gf37f6fb (webtiles) character file.

15710 digijack the Tortoise (level 12, -18/125 HPs)
             Began as a Minotaur Fighter on Sept 23, 2018.
             Was the Champion of Zin.
             Killed from afar by a fire giant (44 damage)
             ... with a bolt of fire
             ... in the Dungeon (Sprint I: "Red Sonja").
             The game lasted 00:28:34 (3479 turns).

digijack the Tortoise (Minotaur Fighter)            Turns: 3479, Time: 00:28:34

Health: -18/125    AC: 24    Str: 25    XL:     12   Next: 3%
Magic:  20/20      EV: 12    Int:  5    God:    Zin [******]
Gold:   482        SH: 10    Dex: 11    Spells: 11/11 levels left

rFire    . . .     SeeInvis .   a - +1 flail
rCold    . . .     Gourm    .   n - +3 buckler {AC+3}
rNeg     . . .     Faith    .   l - +0 plate armour
rPois    .         Spirit   .   (helmet restricted)
rElec    .         Reflect  .   (no cloak)
rCorr    .         Harm     .   (no gloves)
MR       .....     NoTele   +   c - +2 pair of boots {Fly}
Stlth    ..........             (no amulet)
HPRegen  0.30/turn              (no ring)
MPRegen  0.17/turn              (no ring)

@: reciting, flying
A: retaliatory headbutt, horns 2
a: Recite, Vitalisation, Imprison, Sanctuary, Donate Gold, Renounce Religion,
Stop Flying


You were in the Dungeon.
You worshipped Zin.
Zin was exalted by your worship.
You were near starving.

You visited 1 branch You collected 1572 gold pieces.
You spent 1052 gold pieces at shops.
You donated 38 gold pieces to Zin.

Inventory:

Hand Weapons
 a - a +1 flail (weapon)
Missiles
 b - 20 stones (quivered)
Armour
 c - a +2 pair of boots of flying (worn)
 l - a +0 plate armour (worn)
 n - a +3 buckler of protection (worn)
Wands
 k - a wand of flame (18)
Potions
 d - a potion of might
 e - 4 potions of curing
 g - a potion of heal wounds
 h - a potion of haste
 i - 2 potions of magic
 j - a potion of berserk rage
Miscellaneous
 m - a fan of gales
Comestibles
 f - 3 rations


   Skills:
 + Level 17.0 Fighting
 - Level 14.0 Maces & Flails
 + Level 17.4 Armour
 + Level 10.5 Dodging
 - Level 0.7 Stealth
 - Level 13.4 Shields
 + Level 12.7 Invocations


You had 11 spell levels left.
You didn't know any spells.
Your spell library contained the following spells:

 Spells                   Type           Power        Failure   Level  Hunger
 Confusing Touch          Hex            #.....       97%         1    ##.....
 Confuse                  Hex            #.......     100%        3    ####...
 Gell's Gravitas          Tloc           #.........   100%        3    ####...
 Petrify                  Tmut/Erth      #.......     100%        4    #####..
 Metabolic Englaciation   Hex/Ice        #.........   100%        5    ######.
 Yara's Violent Unravell  Hex/Tmut       #.........   100%        5    ######.


Dungeon Overview and Level Annotations

Branches:
Dungeon (1/1)

Altars:
Cheibriados
Dithmenos
Elyvilon
Fedhas
Gozag
Hepliaklqana
Kikubaaqudgha
Makhleb
Nemelex Xobeh
Okawaru
Qazlal
Ru
Sif Muna
Trog
Uskayaw
Vehumet
Wu Jian
Xom
Yredelemnul
Zin
The Shining One
Jiyva
Lugonu

Shops:
D }}%**}*[((**([(???:[:


Innate Abilities, Weirdness & Mutations

You reflexively headbutt those who attack you in melee.
You have a pair of horns on your head.


Message History

The fire giant shouts!
The fire giant points at you and mumbles some strange words.
The fireball explodes!
The fireball engulfs you!
The fire giant points at you and mumbles some strange words.
The bolt of fire hits you!
A fire giant comes into view.
It is wielding a great sword of flaming.
Okay, then.
Press: ? - help, v - describe, . - travel
Here: a fire giant, wielding a great sword of flaming The floor.
You clear your throat and prepare to recite. "Zin saw the unfaithfulness of the unbelievers, and..."
The fire giant shouts!
The fire giant casts a spell at you.
The fireball explodes!
The fireball engulfs you!
* * * LOW HITPOINT WARNING * * *
The fire giant points at you and mumbles some strange words.
The bolt of fire hits the fire giant.
The fire giant resists.
The bolt of fire hits you!
You die...

###.§.#,,,***++*#.##...#,,≈**,,,,
#[###.#,,***,,**#..#+###,,≈*,,,,,
'.∩##.#,,****,,*##.."#,≈,,**,,,,,
#####§#*+*,,*,,*,###.#,≈,,*,,,,,,
§..##.#*,*,,,,,,,,,#.#**,,*,,,,,,
....§§#***,,,,,,,,,#.#,+,,**,,,,,
#####§#,,+,,,,,,####'#,**'**,,,,,
†..§#.#****,,,###....#,*≈≈≈**,,,,
†§§#§.#,,,****#.@.####,*≈≈≈≈**,,,
.§≈####,,...CCC.###,,,,*≈≈≈≈≈****
.≈≈#*,,,,C..####*,,,,****≈≈≈≈*≈≈≈
≈≈##*,,,,.,**,,,,,,,,*,,*'≈≈≈'≈≈,
### *,,,,,**,,,,,,,,,*,,,**≈≈*≈≈≈
'###*,,,,,*,,,,,,,,,,*,,,,******'
#∩∩#***********,,,,,,*,,,,*≈≈≈≈≈≈
∩∩##*≈≈≈≈≈≈≈≈,*,,,,,,*******≈≈≈≈≈
### ***********,,,,,,',,*,,',,,≈≈


You could see 4 fire giants.

Vanquished Creatures
  2 centaur warriors (D)
  Sonja (D)
  7 unseen horrors (D)
  A deep troll (D)
  A lindwurm (D)
  8 shining eyes (D)
  An oklob plant (D)
  2 kobold demonologists (D)
  4 demonic crawlers (D)
  A hornet (D)
  A slime creature (D)
  Sigmund (D)
  2 redbacks (D)
  A yak (D)
  13 hogs (D)
  6 floating eyes (D)
  7 necrophages (D)
  An ogre (D)
  8 jellies (D)
  Ijyb (D)
  5 ballistomycetes (D)
74 creatures vanquished.

Vanquished Creatures (others)
  A gargoyle (D)
  2 ballistomycete spores (D)
  3 pillars of salt (D)
6 creatures vanquished.

Grand Total: 80 creatures vanquished

Notes
Turn   | Place    | Note
-------+----------+-------------------------------------------
     0 | D        | digijack the Minotaur Fighter began the quest for the Orb.
     0 | D        | Reached XP level 1. HP: 19/19 MP: 0/0
     1 | D        | Noticed Ijyb
    18 | D        | Killed Ijyb
    18 | D        | Reached skill level 5 in Fighting
    18 | D        | Reached skill level 5 in Armour
    18 | D        | Reached skill level 5 in Shields
    18 | D        | Reached XP level 2. HP: 14/29 MP: 1/1
   190 | D        | Noticed an ogre
   195 | D        | Killed an ogre
   195 | D        | Reached XP level 3. HP: 23/38 MP: 2/2
   195 | D        | Reached XP level 4. HP: 27/45 MP: 3/3
   320 | D        | Noticed Sigmund
   331 | D        | Killed Sigmund
   331 | D        | Reached skill level 5 in Maces & Flails
   331 | D        | Reached skill level 1 in Dodging
   331 | D        | Reached XP level 5. HP: 22/56 MP: 4/4
   331 | D        | Reached XP level 6. HP: 25/62 MP: 5/5
   526 | D        | Found an ornate altar of the Wu Jian Council.
   526 | D        | Found a deep blue altar of Sif Muna.
   528 | D        | Found a radiant altar of Vehumet.
   550 | D        | Found Wairool's Assorted Antiques.
   550 | D        | Found an ancient bone altar of Kikubaaqudgha.
   550 | D        | Found a hazy altar of Hepliaklqana.
   550 | D        | Found a hide-covered altar of Uskayaw.
   550 | D        | Found a basalt altar of Yredelemnul.
   550 | D        | Found an opulent altar of Gozag.
   550 | D        | Found a snail-covered altar of Cheibriados.
   550 | D        | Found a sacrificial altar of Ru.
   550 | D        | Found a shadowy altar of Dithmenos.
   550 | D        | Noticed a yak
   560 | D        | Killed a yak
   560 | D        | Reached skill level 10 in Armour
   561 | D        | Found a stormy altar of Qazlal.
   561 | D        | Found a blossoming altar of Fedhas.
   561 | D        | Found a bloodstained altar of Trog.
   561 | D        | Found an iron altar of Okawaru.
   561 | D        | Found a glowing golden altar of the Shining One.
   561 | D        | Found a glowing silver altar of Zin.
   561 | D        | Found a white marble altar of Elyvilon.
   564 | D        | Found a sparkling altar of Nemelex Xobeh.
   627 | D        | Killed a gargoyle
   681 | D        | Became a worshipper of Zin the Law-Giver
   681 | D        | Reached * piety under Zin
   681 | D        | Reached ** piety under Zin
   681 | D        | Reached *** piety under Zin
   681 | D        | Reached **** piety under Zin
   681 | D        | Reached ***** piety under Zin
   681 | D        | Reached ****** piety under Zin
   688 | D        | Noticed Sonja
   706 | D        | Killed Sonja
   706 | D        | Reached skill level 10 in Fighting
   706 | D        | Reached skill level 10 in Shields
   706 | D        | Reached XP level 7. HP: 27/73 MP: 4/9
  1163 | D        | Found Vuqudenn's Gadget Boutique.
  1172 | D        | Noticed a shining eye
  1172 | D        | Noticed a shining eye
  1172 | D        | Noticed a shining eye
  1175 | D        | Paralysed by a floating eye for 3 turns
  1176 | D        | Noticed a shining eye
  1180 | D        | Reached XP level 8. HP: 82/82 MP: 7/10
  1180 | D        | Noticed a shining eye
  1181 | D        | Paralysed by a floating eye for 2 turns
  1188 | D        | Paralysed by a floating eye for 2 turns
  1192 | D        | Killed a shining eye
  1192 | D        | Reached skill level 5 in Invocations
  1194 | D        | Paralysed by a floating eye for 4 turns
  1199 | D        | Killed a shining eye
  1199 | D        | Reached skill level 10 in Maces & Flails
  1199 | D        | Reached XP level 9. HP: 90/90 MP: 10/12
  1202 | D        | Killed a shining eye
  1208 | D        | Killed a shining eye
  1213 | D        | Killed a shining eye
  1214 | D        | Noticed a shining eye
  1215 | D        | Noticed a shining eye
  1215 | D        | Noticed a shining eye
  1216 | D        | Paralysed by a floating eye for 2 turns
  1226 | D        | Killed a shining eye
  1230 | D        | Killed a shining eye
  1230 | D        | Reached XP level 10. HP: 101/101 MP: 13/15
  1236 | D        | Killed a shining eye
  1242 | D        | Found Wueteaph's Assorted Antiques.
  1242 | D        | Found Sisivav's Gadget Shoppe.
  1242 | D        | Found Ebohemm's Gadget Boutique.
  1242 | D        | Found Jenuag's Food Emporium.
  1258 | D        | Bought a pair of runed boots for 195 gold pieces
  1282 | D        | Noticed a deep troll
  1293 | D        | Killed a deep troll
  1309 | D        | Found Veckepi's Armour Emporium.
  1316 | D        | Bought a +2 buckler of protection for 279 gold pieces
  1339 | D        | Noticed a centaur warrior
  1383 | D        | Noticed a centaur warrior
  1392 | D        | Killed a centaur warrior
  1401 | D        | Killed a centaur warrior
  1497 | D        | Reached skill level 15 in Armour
  1526 | D        | Bought a +2 pair of boots of flying for 279 gold pieces
  1552 | D        | Noticed an oklob plant
  1569 | D        | Killed an oklob plant
  1569 | D        | Reached skill level 10 in Invocations
  1597 | D        | Reached skill level 5 in Dodging
  1626 | D        | Killed an unseen horror
  1626 | D        | Reached XP level 11. HP: 70/111 MP: 17/17
  1647 | D        | Killed an unseen horror
  1647 | D        | Reached skill level 15 in Fighting
  1859 | D        | Paralysed by a floating eye for 3 turns
  1903 | D        | Got an ichor-stained triple sword
  1909 | D        | Identified the +7 triple sword "Kenoureg" {slice, rPois
                  | MR++ Int-3 Dex+8} (You found it in the Dungeon)
  1983 | D        | Found Heotuc's Armour Shoppe.
  1983 | D        | Found Qisiti's General Store.
  1983 | D        | Found Jecawag's Weapon Boutique.
  1985 | D        | Found Qugy's Weapon Emporium.
  1985 | D        | Found Qougum's General Store.
  1985 | D        | Found Qoyjuekk's General Store.
  1985 | D        | Found Imehi's Antique Weapon Boutique.
  1985 | D        | Found Guhuyrr's Armour Emporium.
  1985 | D        | Found Omoc's Antique Weapon Shop.
  1985 | D        | Found Archirch's Magic Scroll Shoppe.
  1987 | D        | Found Buikk's Magic Scroll Boutique.
  1990 | D        | Bought a +0 plate armour for 299 gold pieces
  2003 | D        | Found Keom's Book Emporium.
  2003 | D        | Found Poatyty's Magic Scroll Boutique.
  2004 | D        | Found Citeikh's Book Emporium.
  2058 | D        | Found a viscous altar of Jiyva.
  2058 | D        | Found a corrupted altar of Lugonu.
  2059 | D        | Found a burning altar of Makhleb.
  2059 | D        | Found a shimmering altar of Xom.
  2351 | D        | Noticed a lindwurm
  2360 | D        | Killed a lindwurm
  2443 | D        | Noticed a daeva
  2455 | D        | Killed an unseen horror
  2477 | D        | Killed an unseen horror
  2480 | D        | Killed an unseen horror
  2480 | D        | Reached skill level 10 in Dodging
  2484 | D        | Killed an unseen horror
  2487 | D        | Killed an unseen horror
  2487 | D        | Reached XP level 12. HP: 36/125 MP: 20/20
  3059 | D        | HP: 2/125 [daeva/divine providence (15)]
  3060 | D        | Zin protects you from harm!
  3475 | D        | Noticed a fire giant
  3476 | D        | Noticed a fire giant
  3477 | D        | Noticed a fire giant
  3478 | D        | Noticed a fire giant
  3479 | D        | Killed from afar by a fire giant

Vault maps used:
D:        dungeon_sprint_1

Skill      XL: |  1  2  3  4  5  6  7  8  9 10 11 |
---------------+----------------------------------+-----
Fighting       | 5 6 8 10 11 12 13 14 17 | 17.0
Maces & Flails | 3 4 5 8 10 12 13 14 | 14.0
Armour         | 5 7 9 11 12 14 15 17 | 17.4
Shields        | 5 6 7 10 11 13 | 13.4
Dodging        | 1 2 5 10 | 10.5
Invocations    | 4 6 8 10 12 | 12.7
Stealth        | |  0.7

Action                   |  1- 3 |  4- 6 |  7- 9 | 10-12 || total
-------------------------+-------+-------+-------+-------++-------
Melee: Flail             |    20 |    27 |    58 |   235 ||   340
       Headbutt          |     3 |     5 |    20 |    74 ||   102
Invok: Recite            |       |     1 |     1 |     8 ||    10
       Vitalisation      |       |     1 |     1 |       ||     2
       Imprison          |       |       |       |     1 ||     1
  Use: Potion            |     1 |       |       |     2 ||     3
       Scroll            |       |       |       |     5 ||     5
 Stab: Confused          |       |     1 |       |     5 ||     6
       Paralysed         |       |       |       |     1 ||     1
  Eat: Ration            |       |       |       |     1 ||     1
       Chunk             |       |       |       |     3 ||     3
Armor: Scale mail        |     9 |     6 |       |    33 ||    48
       Plate armour      |       |       |       |   116 ||   116
Dodge: Dodged            |     4 |     5 |       |    60 ||    69
Block: Shield            |     5 |    11 |     1 |     2 ||    19
       Buckler           |       |       |       |    83 ||    83

Table legend:
 A = Non-vault XP
 B = Vault XP
 C = Vault XP percentage of total XP
 D = Non-vault monster count
 E = Vault monster count
 F = Vault count percentage of total count
                 A         B        C        D         E       F
            +---------+---------+-------+---------+---------+-------
      Total |       0 |   22444 | 100.0 |       0 |      69 | 100.0
            +---------+---------+-------+---------+---------+-------
          D |       0 |   22444 | 100.0 |       0 |      69 | 100.0
            +---------+---------+-------+---------+---------+-------
